 Dungeon Crawl Stone Soup version 0.30-a0-341-g682706514a (webtiles) character file.

Game seed: 10217304266455796298

45139 ryw the Brawler (level 14, -28/86 HPs)
             Began as a Djinni Chaos Knight on Nov 5, 2022.
             Was a Plaything of Xom.
             Killed by miscasting Summon Ice Beast (37 damage)
             ... on level 5 of the Lair of Beasts.
             The game lasted 00:43:55 (16038 turns).

ryw the Brawler (Djinni Chaos Knight)              Turns: 16038, Time: 00:43:55

Health: -28/86     AC: 21    Str: 10    XL:     14   Next: 69%
Gold:   1031       EV: 15    Int: 19    God:    Xom [...*..] SH:  8 Dex: 12

rFire   + + +      SeeInvis .      - Unarmed
rCold   x . .      Faith    .    i - +0 buckler {AC+3}
rNeg    . . .      Spirit   .    j - +3 acid dragon scales of the Beggar {+Inv rCorr MP+9}
rPois   ∞          Reflect  +    O - +2 hat
rElec   .          Harm     .    w - +1 cloak {Stlth+}
rCorr   +          Rampage  .    x - +0 pair of gloves
Will    +....                    (boots unavailable)
Stlth   ++........               C - amulet of reflection
HPRegen 1.14/turn                K - +4 ring of protection
MPRegen 0.00/turn                z - ring of protection from fire

@: flying, very slightly contaminated
A: sickness immunity, fire resistance 2, cold vulnerability 1, float, innate
caster, HP casting, extra vitality 1, horns 1, clever 1, frail 2, regeneration
1, screaming 2, weak 2
a: Renounce Religion, Evoke Invisibility


You were on level 5 of the Lair of Beasts.
You worshipped Xom.
You were a favourite toy of Xom.
You visited 3 branches of the dungeon, and saw 16 of its levels.

You collected 1031 gold pieces.

Inventory:

Missiles
 h - 3 atropa-tipped darts
Armour
 a - a +3 leather armour
 i - a +0 buckler of protection (worn)
 j - the +3 acid dragon scales of the Beggar (worn) {+Inv rCorr MP+9}
   (Xom gifted it to you on level 1 of the Dungeon)

   MP:        It affects your magic capacity (+9).
   +Inv:      It lets you turn invisible.
   rCorr:     It protects you from acid and corrosion.
 w - a +1 cloak of stealth (worn)
 x - a +0 pair of gloves (worn)
 M - a +2 robe of the Archmagi
 O - a +2 hat (worn)
Jewellery
 k - a ring of wizardry
 r - a +6 ring of strength
 v - an amulet of faith
 z - a ring of protection from fire (right hand)
 C - an amulet of reflection (around neck)
 K - a +4 ring of protection (left hand)
 P - a ring of positive energy
Wands
 A - a wand of acid (15)
 B - a wand of digging (4)
 E - a wand of flame (31)
Scrolls
 n - 2 scrolls of amnesia
 y - 4 scrolls of teleportation
 D - a scroll of brand weapon
 F - a scroll of enchant weapon {unknown}
 H - 2 scrolls of blinking {unknown}
 I - a scroll of silence {unknown}
Potions
 c - 4 potions of mutation
 d - 4 potions of haste
 e - 2 potions of lignification
 f - a potion of ambrosia
 g - 10 potions of curing
 l - 2 potions of cancellation
 m - 3 potions of brilliance
 o - 6 potions of attraction
 p - 2 potions of magic
 q - 4 potions of heal wounds
 s - 2 potions of berserk rage
 t - 3 potions of might
 u - 3 potions of flight {unknown}
 G - 2 potions of resistance {unknown}
 J - a potion of invisibility
 L - a potion of degeneration
Miscellaneous
 b - a piece from Xom's chessboard (15/15) (quivered)
 N - a piece from Xom's chessboard (15/15)


   Skills:
 + Level 12.3 Fighting
 - Level 1.0 Armour
 + Level 13.2 Dodging
 * Level 18.0 Unarmed Combat


You couldn't memorise any spells.
You knew the following spells:

 Your Spells              Type           Power      Damage    Failure   Level
a - Foxfire               Conj/Fire      0%         2x1d4     41%         1
b - Poisonous Vapours     Pois/Air       0%         N/A       56%         2
c - Vhi's Electric Charg  Tloc/Air       0%         N/A       80%         3
d - Summon Ice Beast      Ice/Summ       0%         N/A       99%         4
e - Petrify               Tmut/Erth      0%         N/A       99%         4
f - Blade Hands           Tmut           0%         N/A       100%        5
Your spell library was empty.


Dungeon Overview and Level Annotations

Branches:
Dungeon (10/15)            Temple (0/1) D:5            Lair (5/5) D:10
 Shoals (0/4) Lair:2        Snake (1/4) Lair:2        Slime (0/5) Lair:5
    Orc (0/2) D:10

Altars:
Ashenzari
Fedhas
Gozag
Hepliaklqana
Nemelex Xobeh
Qazlal
Ru
Xom
Yredelemnul

Shops:
D:8 (:([   D:10 *

Annotations:
Lair:5 2 runed translucent doors


Innate Abilities, Weirdness & Mutations

You are immune to sickness and miasma.
You are immune to poison.
Your flesh is very heat resistant. (rF++)
You are vulnerable to cold. (rC-)
You float through the air rather than walking.
You learn spells naturally, not from books.
Your magical power is your life essence.
You have superior vitality. (+4 MHP)
You have a pair of small horns on your head.
Your mind is acute. (Int +4, Str/Dex -1)
You are very frail. (-20% HP)
Your natural rate of healing is unusually fast.
You frequently scream uncontrollably at your foes.
You are very weak. (Str -4)


Message History

* * * LOW HITPOINT WARNING * * *
The molten gargoyle hits you with a +0 mace!
* * * LOW HITPOINT WARNING * * *
You are engulfed in flames.
You resist.
* * * LOW HITPOINT WARNING * * *
The basilisk gazes at you.
The molten gargoyle hits you with a +0 mace!
* * * LOW HITPOINT WARNING * * *
You are engulfed in flames.
You resist.
* * * LOW HITPOINT WARNING * * *
The basilisk gazes at you. You resist with almost no effort.
You turn to flesh and can move again.
You pummel the molten gargoyle!!
You destroy the molten gargoyle!
You hear a sizzling splash.
Unknown command.
Unknown command.
You barely miss the basilisk. The basilisk barely misses you.
You pummel the basilisk!!
The basilisk is severely wounded.
The basilisk gazes at you. You resist with almost no effort.
You hit the basilisk. You headbutt the basilisk.
The basilisk is almost dead.
The basilisk bites you.
* * * LOW HITPOINT WARNING * * *
You hit the basilisk.
You kill the basilisk!
Level annotation: 2 runed translucent doors Welcome back, ryw the Djinni Chaos Knight.
Xom titters.
Press ? for a list of commands and other information.
Cast which spell? (? or * to list)
You miscast Summon Ice Beast.
You are very lightly contaminated with residual magic.
Frost covers your body!!!
You feel a terrible chill!
Xom thinks this is hilarious!
You die...
Xom roars with laughter!

#≈≈##....##§##.....8#
##..
.≈≈#......#≈#......## #..
≈#......#≈#.......## ###
§#......#§§........####.
≈#$$.D$[#.≈≈≈##......†(#
≈ #$?$$##.≈§#........†#.
≈≈≈######.≈≈.........####
#≈≈≈≈≈†≈§#......######.
#≈≈§≈§@§§......## ###..
#..≈≈≈###§.#..8#8 #....
....... ..##8### ##....
....... .≈≈### ###.....
....... .#≈≈ #...?...
....... ≈≈≈ #.......
....... #§§≈ ##......
#.§.... §#≈# #......
##.....


There were no monsters in sight!

Vanquished Creatures
  Gastronok (Lair:3)
  4 hydras
  Erica (Lair:2)
  2 catoblepae (Lair:2)
  4 two-headed ogres
  A death yak (Lair:4)
  2 fire crabs
  Pikel (D:4)
  7 black mambas
  11 elephants (Lair:5)
  A torpor snail (Lair:4)
  A molten gargoyle (Lair:5)
  7 cane toads
  An unseen horror (D:10)
  3 rime drakes
  8 komodo dragons
  4 polar bears
  3 trolls
  Grinder (D:5)
  7 hornets
  5 dream sheep (Lair:5)
  14 blink frogs
  A shadow (D:9)
  41 yaks
  A fire bat (Lair:5)
  9 wyverns
  Eustachio (D:5)
  A hog (Lair:2)
  2 wraiths (D:10)
  3 steam dragons
  2 basilisks (Lair:5)
  A warg (Lair:1)
  17 water moccasins
  2 acid dragons (D:10)
  4 hell hounds (Lair:5)
  4 orc warriors
  A black bear (D:5)
  2 sky beasts
  3 ice beasts
  2 ogres
  7 wolves
  9 centaurs
  2 phantoms
  5 kobold brigands
  13 bullfrogs
  A necrophage (D:8)
  3 gnoll sergeants
  2 scorpions
  5 wights
  A howler monkey (D:10)
  2 electric eels
  A lava snake (Lair:5)
  4 quasits
  9 hounds
  3 orc priests
  3 jellies
  A gnoll bouda (D:9)
  4 iguanas
  7 orc wizards
  7 adders
  18 gnolls
  6 shadow imps
  3 white imps (D:4)
  5 ufetubi
  A worm (D:4)
  A dart slug (D:2)
  18 orcs
  9 bats
  5 endoplasms (D:1)
  3 giant cockroaches
  6 hobgoblins
  4 jackals (D:1)
  5 quokkas
  9 ball pythons
  3 frilled lizards
  4 goblins
  31 kobolds
  5 rats
411 creatures vanquished.

Vanquished Creatures (collateral kills)
  2 dream sheep (Lair:5)
  2 blink frogs
4 creatures vanquished.

Vanquished Creatures (others)
  2 wights (D:8)
  An orc wizard (D:10)
  An orc (D:10)
  2 kobolds (D:10)
  10 demonic plants (D:4)
  15 fungi
  49 plants
80 creatures vanquished.

Grand Total: 495 creatures vanquished

Notes
Turn   | Place    | Note
-------+----------+-------------------------------------------
     0 | D:1      | ryw the Djinni Chaos Knight began the quest for the Orb.
     0 | D:1      | Reached XP level 1. HP: 20/20 MP: 0/0
    78 | D:1      | XOM: divination: detect items
   156 | D:1      | Reached XP level 2. HP: 17/25 MP: 0/0
   231 | D:1      | XOM: god gift: club {god gift}
   615 | D:1      | Reached skill level 4 in Unarmed Combat
   615 | D:1      | Reached XP level 3. HP: 24/30 MP: 0/0
   615 | D:1      | Learned a level 1 spell: Foxfire
   638 | D:1      | Identified the +3 acid dragon scales of the Beggar {+Inv
                  | rCorr MP+9} (Xom gifted it to you on level 1 of the
                  | Dungeon)
   638 | D:1      | XOM: god gift: +3 acid dragon scales of the Beggar {+Inv
                  | rCorr MP+9}
   768 | D:1      | XOM: give mutation
   768 | D:1      | Gained mutation: You are partially covered in iridescent
                  | scales. (AC +2) [Xom's grace]
   830 | D:1      | XOM: stat loss: -1 Int (12/13)
   942 | D:1      | XOM: silly message
  1102 | D:1      | XOM: torment (16/30 hp)
  1663 | D:2      | Reached XP level 4. HP: 34/35 MP: 0/0
  1936 | D:3      | Reached skill level 5 in Unarmed Combat
  2324 | D:3      | Reached XP level 5. HP: 34/40 MP: 0/0
  2324 | D:3      | Learned a level 2 spell: Poisonous Vapours
  2448 | D:3      | XOM: summons 3 hostile demons
  2725 | D:3      | XOM: summons 4 hostile shadow creatures
  3003 | D:4      | XOM: swap monsters
  3124 | D:4      | XOM: 4-stop teleportation journey
  3126 | D:4      | XOM: swap monsters
  3127 | D:4      | XOM: enchant monster (bad)
  3131 | D:4      | Noticed a centaur
  3134 | D:4      | XOM: polymorph white imp -> quasit
  3146 | D:4      | XOM: silly message
  3151 | D:4      | Killed a centaur
  3152 | D:4      | Reached skill level 6 in Unarmed Combat
  3152 | D:4      | Reached XP level 6. HP: 22/46 MP: 0/0
  3163 | D:3      | XOM: swap monsters
  3330 | D:3      | Reached skill level 7 in Unarmed Combat
  3585 | D:4      | Reached XP level 7. HP: 49/50 MP: 0/0
  3585 | D:4      | Learned a level 3 spell: Vhi's Electric Charge
  3911 | D:4      | XOM: swap monsters
  4218 | D:5      | Entered Level 5 of the Dungeon
  4218 | D:5      | Noticed Pikel
  4240 | D:4      | XOM: give mutations
  4240 | D:4      | Gained mutation: You have a pair of small horns on your
                  | head. [Xom's mischief]
  4240 | D:4      | Gained mutation: You occasionally shout uncontrollably at
                  | your foes. [Xom's mischief]
  4240 | D:4      | Gained mutation: You are weak. (Str -2) [Xom's mischief]
  4255 | D:5      | XOM: enchant monster (bad)
  4294 | D:4      | Killed Pikel
  4295 | D:4      | Reached skill level 8 in Unarmed Combat
  4295 | D:4      | Reached XP level 8. HP: 33/58 MP: 0/0
  4515 | D:5      | Noticed Eustachio
  4520 | D:5      | XOM: confusion
  4537 | D:5      | Killed Eustachio
  4538 | D:5      | Reached skill level 9 in Unarmed Combat
  4583 | D:5      | Found a staircase to the Ecumenical Temple.
  4743 | D:5      | XOM: torment (25/58 hp)
  4752 | D:5      | Reached XP level 9. HP: 9/64 MP: 0/0
  4752 | D:5      | Learned a level 4 spell: Summon Ice Beast
  4851 | D:5      | XOM: summons 1 hostile shadow creature
  4994 | D:5      | Found a sacrificial altar of Ru.
  5254 | D:5      | Noticed Grinder
  5257 | D:5      | XOM: noise
  5267 | D:5      | Paralysed by Grinder for 5 turns
  5278 | D:5      | Killed Grinder
  5279 | D:5      | Reached skill level 5 in Fighting
  5279 | D:5      | Reached skill level 5 in Dodging
  5409 | D:5      | XOM: draining
  5462 | D:5      | XOM: give mutations
  5462 | D:5      | Gained mutation: You are frail. (-10% HP) [Xom's mischief]
  5462 | D:5      | Gained mutation: You frequently scream uncontrollably at
                  | your foes. [Xom's mischief]
  5462 | D:5      | Lost mutation: You are partially covered in iridescent
                  | scales. (AC +2) [Xom's mischief]
  5462 | D:5      | Gained mutation: Your natural rate of healing is unusually
                  | fast. [Xom's mischief]
  5543 | D:6      | Reached skill level 10 in Unarmed Combat
  5567 | D:6      | XOM: torment (11/57 hp)
  5689 | D:6      | XOM: summons 2 hostile demons
  5741 | D:6      | XOM: torment (30/58 hp)
  5853 | D:6      | XOM: swap monsters
  6005 | D:6      | XOM: smoke on damage
  6007 | D:6      | Identified the +1 dagger of Otousch {vorpal, Str+3}
  6051 | D:6      | XOM: enchant monster (good)
  6314 | D:6      | XOM: confuse monster(s)
  6373 | D:7      | Reached XP level 10. HP: 64/64 MP: 0/0
  6460 | D:6      | Reached skill level 11 in Unarmed Combat
  6802 | D:7      | Identified a scroll of acquirement
  6803 | D:7      | Acquired a +1 cloak of stealth
  6811 | D:7      | Found a basalt altar of Yredelemnul.
  6811 | D:7      | Found a broken altar of Ashenzari.
  6816 | D:7      | Found a stormy altar of Qazlal.
  7186 | D:8      | XOM: enchant monster (bad)
  7223 | D:8      | Found Kewuanos's Antique Armour Shoppe.
  7250 | D:8      | Found Uxiwk's Antique Weapon Emporium.
  7286 | D:8      | XOM: summons 2 hostile shadow creatures
  7305 | D:8      | XOM: blink monster(s)
  7345 | D:8      | Reached skill level 12 in Unarmed Combat
  7413 | D:8      | XOM: confusion
  7426 | D:8      | Found an opulent altar of Gozag.
  7449 | D:8      | XOM: confuse monster(s)
  7514 | D:8      | Noticed a two-headed ogre
  7517 | D:8      | XOM: potion effect (brilliance)
  7524 | D:8      | XOM: silly message
  7533 | D:8      | Killed a two-headed ogre
  7534 | D:8      | Reached XP level 11. HP: 21/72 MP: 0/0
  7534 | D:8      | Learned a level 4 spell: Petrify
  7639 | D:8      | Found Tiuropar's Book Shop.
  7802 | D:8      | Found Xotowor's Weapon Shop.
  8003 | D:9      | XOM: blink monster(s)
  8008 | D:9      | XOM: divination: magic mapping
  8028 | D:8      | XOM: confuse monster(s)
  8322 | D:9      | XOM: silly message
  8367 | D:9      | Reached skill level 13 in Unarmed Combat
  8506 | D:9      | Noticed a two-headed ogre
  8753 | D:9      | Found a sparkling altar of Nemelex Xobeh.
  8794 | D:9      | XOM: silly message
  8797 | D:9      | Killed a two-headed ogre
  8841 | D:9      | XOM: noise
  8875 | D:9      | XOM: give mutations
  8875 | D:9      | Lost mutation: You have a pair of small horns on your head.
                  | [Xom's mischief]
  8875 | D:9      | Gained mutation: You are very frail. (-20% HP) [Xom's
                  | mischief]
  8875 | D:9      | Gained mutation: You are very weak. (Str -4) [Xom's
                  | mischief]
  8968 | D:10     | Entered Level 10 of the Dungeon
  8987 | D:10     | XOM: silly message
  9129 | D:10     | XOM: confusion
  9138 | D:10     | XOM: silly message
  9160 | D:10     | Noticed a two-headed ogre
  9171 | D:10     | Killed a two-headed ogre
  9227 | D:10     | Noticed a two-headed ogre
  9228 | D:10     | XOM: scenery: summon butterflies
  9229 | D:10     | XOM: confusion (+ monsters)
  9239 | D:10     | XOM: silly message
  9240 | D:10     | Killed a two-headed ogre
  9255 | D:10     | XOM: noise
  9259 | D:10     | XOM: swap monsters
  9345 | D:10     | Found a staircase to the Lair.
  9356 | D:10     | XOM: blink monster(s)
  9359 | D:10     | XOM: scenery: 1 doors open, 1 doors close
  9365 | D:10     | XOM: noise
  9474 | D:9      | XOM: silly message
  9601 | D:10     | Reached skill level 14 in Unarmed Combat
  9601 | D:10     | Reached XP level 12. HP: 50/71 MP: 0/0
  9682 | D:10     | XOM: destruction
  9689 | D:10     | XOM: cleaving
  9706 | D:10     | XOM: enchant monster (good)
  9722 | D:9      | XOM: smoke on damage
  9725 | D:9      | XOM: confuse monster(s)
  9859 | D:10     | Found a staircase to the Orcish Mines.
  9859 | D:10     | XOM: 5-stop teleportation journey
  9967 | D:10     | Found Wuaskuv's Assorted Antiques.
 10055 | D:10     | XOM: summons friendly crimson imp
 10056 | D:10     | XOM: divine lightning
 10348 | Lair:1   | Entered Level 1 of the Lair of Beasts
 10456 | Lair:1   | XOM: summons friendly ufetubus
 10462 | Lair:1   | XOM: summons 2 friendly demons
 10486 | Lair:1   | Reached skill level 10 in Dodging
 10527 | Lair:1   | Found a hazy altar of Hepliaklqana.
 10752 | Lair:1   | XOM: cast spell 'Summon Cactus Giant'
 10880 | Lair:1   | XOM: god gift: 8 stones
 10899 | Lair:1   | XOM: divination: magic mapping
 10934 | Lair:1   | XOM: summons 12 friendly demons
 11019 | Lair:1   | XOM: polymorph hornet -> wyvern
 11162 | Lair:1   | XOM: scenery: summon butterflies
 11235 | Lair:1   | You are sucked into a shaft and drop 1 floor!
 11235 | Lair:2   | Noticed a catoblepas
 11261 | Lair:2   | Killed a catoblepas
 11328 | Lair:2   | Reached skill level 15 in Unarmed Combat
 11376 | Lair:2   | Reached skill level 10 in Fighting
 11473 | Lair:2   | XOM: polymorph black mamba -> hog
 11493 | Lair:2   | Found a staircase to the Snake Pit.
 11573 | Lair:2   | XOM: torment (37/72 hp)
 11641 | Lair:2   | XOM: enchant monster (bad)
 11642 | Lair:2   | XOM: scenery: create altars
 11669 | Lair:2   | Noticed a fire crab
 11669 | Lair:2   | Noticed a five-headed hydra
 11679 | Lair:2   | Killed a fire crab
 11686 | Lair:2   | Killed a five-headed hydra
 11687 | Lair:2   | Reached XP level 13. HP: 46/77 MP: 0/0
 11687 | Lair:2   | Learned a level 5 spell: Blade Hands
 11730 | Lair:2   | Noticed a catoblepas
 11744 | Lair:2   | Killed a catoblepas
 11747 | Lair:2   | XOM: 7-stop teleportation journey
 11820 | Lair:2   | Noticed Erica
 11838 | Lair:2   | Killed Erica
 11928 | Lair:2   | Found a staircase to the Shoals.
 11939 | Lair:2   | XOM: smoke on damage
 11996 | Lair:2   | XOM: polymorph blink frog -> ogre
 12106 | Lair:2   | XOM: give mutations
 12106 | Lair:2   | Gained mutation: Your mind is acute. (Int +4, Str/Dex -1)
                  | [Xom's grace]
 12106 | Lair:2   | Gained mutation: You have a pair of small horns on your
                  | head. [Xom's grace]
 12258 | Lair:2   | Noticed a six-headed hydra
 12268 | Lair:2   | Killed a six-headed hydra
 12269 | Lair:2   | Reached skill level 16 in Unarmed Combat
 12440 | Lair:1   | XOM: polymorph hornet -> warg
 12572 | Lair:1   | XOM: silly message
 12900 | Snake:1  | Entered Level 1 of the Snake Pit
 13004 | Lair:3   | XOM: summons 13 friendly demons
 13010 | Lair:3   | Noticed a seven-headed hydra
 13018 | Lair:3   | XOM: destruction
 13019 | Lair:3   | XOM: confusion (+ monsters)
 13022 | Lair:3   | XOM: destruction
 13025 | Lair:3   | XOM: polymorph blink frog -> cane toad
 13026 | Lair:3   | Noticed Gastronok
 13107 | Lair:2   | XOM: chaos cloud
 13199 | Lair:2   | Killed a seven-headed hydra
 13231 | Lair:2   | XOM: cloud trail
 13239 | Lair:3   | Found a blossoming altar of Fedhas.
 13239 | Lair:3   | XOM: potion effect (haste)
 13248 | Lair:3   | XOM: potion effect (might)
 13256 | Lair:3   | Killed Gastronok
 13368 | Lair:3   | XOM: silly message
 13376 | Lair:3   | XOM: confuse monster(s)
 13582 | Lair:2   | XOM: enchant monster (bad)
 13589 | Lair:2   | XOM: enchant monster (bad)
 13923 | Lair:4   | XOM: blink monster(s)
 13994 | Lair:4   | XOM: cleaving
 13995 | Lair:4   | XOM: fake destruction
 14021 | Lair:4   | XOM: summons friendly white imp
 14055 | Lair:4   | XOM: blink monster(s)
 14077 | Lair:4   | XOM: summons friendly iron imp
 14083 | Lair:4   | XOM: silly message
 14086 | Lair:4   | XOM: noise
 14100 | Lair:4   | Reached skill level 17 in Unarmed Combat
 14100 | Lair:4   | Reached XP level 14. HP: 80/84 MP: 0/0
 14208 | Lair:4   | XOM: confusion (+ monsters)
 14232 | Lair:4   | XOM: confuse monster(s)
 14298 | Lair:4   | XOM: 7-stop teleportation journey
 14506 | Lair:4   | XOM: potion effect (haste)
 15089 | Lair:4   | XOM: scenery: create altars
 15098 | Lair:5   | Entered Level 5 of the Lair of Beasts
 15237 | Lair:5   | XOM: cleaving
 15257 | Lair:5   | XOM: scenery: summon butterflies
 15262 | Lair:5   | XOM: cleaving
 15281 | Lair:5   | XOM: summons 2 friendly demons
 15303 | Lair:5   | XOM: cleaving
 15313 | Lair:5   | XOM: scenery: create altars
 15335 | Lair:5   | XOM: enchant monster (bad)
 15376 | Lair:5   | XOM: summons 3 friendly demons
 15458 | Lair:5   | XOM: enchant monster (good)
 15475 | Lair:5   | XOM: polymorph water moccasin -> fire bat
 15500 | Lair:5   | XOM: enchant monster (bad)
 15770 | Lair:5   | Found a staircase to the Slime Pits.
 15838 | Lair:5   | XOM: smoke on damage
 15838 | Lair:5   | XOM: enchant monster (bad)
 15842 | Lair:5   | XOM: snakes to sticks
 15932 | Lair:5   | Found a large runed translucent door.
 15934 | Lair:5   | Found a large runed translucent door.
 15937 | Lair:5   | XOM: summons friendly shadow imp
 15941 | Lair:5   | XOM: silly message
 15955 | Lair:5   | Reached skill level 18 in Unarmed Combat
 16038 | Lair:5   | Killed by miscasting Summon Ice Beast

Illustrated notes

Levels and vault maps discovered:
D:1:      kilobyte_arrival_exit_the_forest, layout_basic
D:2:      layout_loops_ring
D:3:      layout_basic, minmay_statues_item
D:4:      layout_rooms, serial_demonic, serial_demonic_b, serial_demonic_d,
          serial_demonic_f, serial_demonic_g, serial_demonic_d,
          serial_demonic_d, serial_demonic_c, serial_demonic_g
D:5:      layout_layer_cave, nicolae_ru_path_of_blood,
          minmay_temple_entry_ruins, uniq_eustachio, uniq_pikel, uniq_grinder
D:6:      layout_loops_ring
D:7:      layout_basic, minitemple, vehumet_crystals, st_stairs_1
D:8:      layout_cave_pools, nicolae_gozag_cash_rules_everything_around_me,
          serial_shops, kennysheep_mini_moat,
          nicolae_shop_competitors_out_of_business, shop_fountains,
          nicolae_shop_hallway_plus
D:9:      layout_cross, nemelex_altar_shiori, nicolae_fountain_basement
D:10:     minmay_s_stair_smasher, layout_stronghold, lair_entry_dummy,
          david_orc_3, serial_shops, nicolae_shop_advertising_works
          [nicolae_subvault_shop_adworks]
Lair:1:   layout_cave_pods, basic_altar, dreamdust_wasp_nest,
          infiniplex_staircase_pool
Lair:2:   layout_loops_ring, elwin_shoals_entry_rocks,
          minmay_snake_entry_six_corridors, minmay_shattered_shrine,
          serial_bayou_shore_b, uniq_erica
Lair:3:   layout_cave_shapes, basic_altar, serial_bayou_lagoon_a,
          beast_lair_carwin_1, lemuel_fruit_fields, lemuel_fruit_tree,
          uniq_gastronok
Lair:4:   layout_hall_layers, patterned_corridor
Lair:5:   cheibrodos_lair_end_hotspot, layout_regular_city,
          dpeg_slime_entry_enclosed, gauntlet_entry_generic, lemuel_old_faithful
Snake:1:  layout_chambers, minmay_shoptagon

Skill      XL: |  1  2  3  4  5  6  7  8  9 10 11 12 13 14 |
---------------+-------------------------------------------+-----
Unarmed Combat | 4 5 6 7 8 9 10 12 14 15 17 18 | 18.0
Fighting       | 4 6 7 9 10 11 12 | 12.3
Dodging        | 3 4 6 8 9 10 12 13 | 13.2
Armour         | |  1.0

Action                   |  1- 3 |  4- 6 |  7- 9 | 10-12 | 13-15 || total
-------------------------+-------+-------+-------+-------+-------++-------
Melee: Unarmed           |   149 |   255 |   353 |   875 |   723 ||  2355
       Punch             |     8 |       |       |       |       ||     8
       Headbutt          |       |       |    58 |    60 |   153 ||   271
Evoke: Piece from Xom's  |       |       |     2 |     4 |     3 ||     9
  Use: Scroll            |       |    13 |     3 |     4 |     7 ||    27
       Potion            |       |     1 |       |     1 |       ||     2
 Stab: Sleeping          |     1 |       |       |       |     1 ||     2
       Invisible         |       |     2 |       |       |     1 ||     3
       Paralysed         |       |       |     3 |       |       ||     3
       Confused          |       |       |       |     6 |     2 ||     8
       Distracted        |       |       |       |       |     1 ||     1
       Petrified         |       |       |       |       |     2 ||     2
Armor: Leather armour    |    18 |       |       |       |       ||    18
       Acid dragon scale |    30 |   266 |   213 |   399 |   340 ||  1248
Dodge: Dodged            |    92 |   342 |   213 |   573 |   493 ||  1713
Block: Buckler           |       |    53 |    45 |   278 |   300 ||   676
       Reflection        |       |       |       |     8 |     1 ||     9

Table legend: (Time is in decaauts)
 A = Elapsed time spent in this place.
 B = Non-inter-level travel time spent in this place.
 C = Inter-level travel time spent in this place.
 D = Time resting spent in this place.
 E = Time spent auto-exploring this place.
 F = Levels seen in this place.
 G = Mean time per level.
                   A        B        C        D        E       F      G
               +--------+--------+--------+--------+--------+-----+--------+
         Total |  15646 |  14948 |    698 |   1739 |   9242 |  16 |  977.9 |
       Dungeon |  10245 |   9746 |    499 |   1285 |   5992 |  10 | 1024.5 |
          Lair |   5399 |   5200 |    199 |    454 |   3250 |   5 | 1079.8 |
     Snake Pit |      1 |      1 |      0 |      0 |      0 |   1 |    1.0 |
               +--------+--------+--------+--------+--------+-----+--------+

Top non-repeatable levels by time:
     D:3: 1662 daAuts
  Lair:2: 1605 daAuts
    D:10: 1243 daAuts
     D:1: 1175 daAuts
  Lair:1: 1160 daAuts
     D:5: 1149 daAuts
  Lair:4: 1142 daAuts
     D:8: 1022 daAuts
     D:9: 864 daAuts
  Lair:5: 843 daAuts
     D:4: 831 daAuts
     D:6: 819 daAuts
     D:7: 794 daAuts
     D:2: 683 daAuts
  Lair:3: 647 daAuts
